 Dungeon Crawl Stone Soup version 0.22-a0-93-g6b88ebb (webtiles) character file.

3168 Zhenya24pyc the Basher (level 9, -3/60 HPs)
             Began as a Gargoyle Fighter on Jan 23, 2018.
             Slain by a killer bee (4 damage)
             ... on level 7 of the Dungeon.
             The game lasted 00:12:07 (5619 turns).

Zhenya24pyc the Basher (Gargoyle Fighter)           Turns: 5619, Time: 00:12:08

Health: -3/60      AC: 15    Str: 23    XL:     9   Next: 94%
Magic:  9/9        EV:  8    Int:  8    God:
Gold:   250        SH: 10    Dex: 10    Spells: 8/8 levels left

rFire    x . .     SeeInvis .   z - +1 flail (crush)
rCold    + . .     Gourm    .   c - +0 shield
rNeg     + . .     Faith    .   b - +0 scale mail
rPois    ∞         Spirit   .   g - +2 hat
rElec    +         Reflect  .   (no cloak)
rCorr    .         Harm     .   (no gloves)
MR       .....     Rnd*Tele +   (no boots)
Stlth    ..........             (no amulet)
HPRegen  0.20/turn              i - ring of ice
MPRegen  0.11/turn              u - ring of teleportation (curse)

@: no status effects
A: negative energy resistance 1, electricity resistance, unbreathing,
petrification resistance, rot immunity, AC +6
a: no special abilities


You were on level 7 of the Dungeon.
You were not hungry.

You visited 1 branch of the dungeon, and saw 8 of its levels.

You collected 250 gold pieces.

Inventory:

Hand Weapons
 z - a +1 flail of crushing (weapon)
Armour
 b - a +0 scale mail (worn)
 c - a +0 shield (worn)
 g - a +2 hat (worn)
Jewellery
 i - a ring of ice (left hand)
 u - a cursed ring of teleportation (right hand)
Wands
 w - a wand of disintegration (17)
 y - a wand of iceblast (17)
Scrolls
 e - 4 scrolls of enchant weapon {unknown}
 j - 2 scrolls of fog
 k - 2 scrolls of identify {unknown}
 n - 2 scrolls of amnesia {unknown}
 o - 2 scrolls of remove curse
 r - a scroll of immolation {unknown}
 s - 2 scrolls of teleportation {unknown}
Potions
 a - a potion of lignification {unknown}
 d - 3 potions of might
 h - 4 potions of curing {unknown}
 l - a potion of mutation {unknown}
 m - a potion of cancellation {unknown}
 p - a potion of haste {unknown}
 q - a potion of flight {unknown}
 t - a potion of magic {unknown}
 x - a potion of heal wounds {unknown}
Comestibles
 f - 10 rations


   Skills:
 + Level 8.8 Fighting
 + Level 10.0 Maces & Flails
 + Level 5.6 Armour
 + Level 5.5 Shields


You had 8 spell levels left.
You didn't know any spells.

Dungeon Overview and Level Annotations

Branches:
Dungeon (8/15)             Temple (0/1) D:6
   Lair: D:8-11

Altars:
Qazlal
Trog

Shops:
D:5 [


Innate Abilities, Weirdness & Mutations

You are resistant to torment.
Your stone body is resilient. (AC +6)
You are immune to poison.
You resist negative energy. (rN+)
You are resistant to electric shocks. (rElec)
You can survive without breathing.
You are immune to petrification.
You are immune to rotting.


Message History

You block the killer bee's attack.
The killer bee stings you but does no damage.
Something hits you but does no damage. The killer bee stings you.
* * * LOW HITPOINT WARNING * * *
An orc comes into view. It is wielding a mace.
The orc shouts!
You hit something.
Reactivating autopickup.
Your Maces & Flails skill increases to level 10!
You feel a bit more experienced. You block the killer bee's attack.
The killer bee stings you.
* * * LOW HITPOINT WARNING * * *
The killer bee stings you but does no damage. x2
The killer bee closely misses you.
The killer bee stings you but does no damage.
The killer bee barely misses you.
Your shield and scale mail prevent you from hitting the killer bee.
The killer bee stings you but does no damage. x3
The killer bee stings you.
You die...

####.#
#....#
#$...## ###
#..... ..+
#...o# ###
..####oyo.#
....oryyy{+
#@# #y# #.#
... #..
...# ##.#
.# ##...


You could see 5 killer bees, 2 orc priests, 2 orcs and a quokka.

Vanquished Creatures
  Grinder (D:5)
  Sigmund (D:6)
  Edmund (D:6)
  A water moccasin (D:6)
  2 ice beasts
  2 sky beasts
  A phantom (D:5)
  3 ogres
  4 centaurs (D:6)
  5 bullfrogs
  Blork the orc (D:6)
  A scorpion (D:6)
  A killer bee (D:7)
  4 wights (D:6)
  A crimson imp (D:6)
  A centaur zombie (D:5)
  3 orc priests
  4 hounds
  6 orc wizards
  3 iguanas
  Jessica (D:3)
  2 worker ants
  A worker ant zombie (D:6)
  8 gnolls (D:5)
  A howler monkey skeleton (D:4)
  11 adders
  4 shadow imps
  An adder zombie (D:5)
  2 dart slugs (D:1)
  5 leopard geckos
  16 orcs
  4 giant cockroaches
  5 hobgoblins
  4 jackals (D:2)
  6 kobolds
  3 quokkas
  3 bats
  4 frilled lizards
  3 goblins
  A jackal zombie (D:5)
  A quokka zombie (D:5)
  8 rats
140 creatures vanquished.

Notes
Turn   | Place    | Note
-------+----------+-------------------------------------------
     0 | D:1      | Zhenya24pyc the Gargoyle Fighter began the quest for the Orb.
     0 | D:1      | Reached XP level 1. HP: 14/14 MP: 1/1
   262 | D:1      | Reached XP level 2. HP: 19/19 MP: 2/2
   697 | D:2      | Reached skill level 3 in Maces & Flails
   697 | D:2      | Reached XP level 3. HP: 17/24 MP: 3/3
  1055 | D:2      | Reached XP level 4. HP: 29/29 MP: 4/4
  1438 | D:3      | Reached skill level 4 in Maces & Flails
  1483 | D:3      | Noticed Jessica
  1488 | D:3      | Killed Jessica
  1488 | D:3      | Reached XP level 5. HP: 23/34 MP: 5/5
  1620 | D:3      | Found a stormy altar of Qazlal.
  1876 | D:4      | Reached skill level 5 in Maces & Flails
  1901 | D:4      | Reached XP level 6. HP: 24/40 MP: 6/6
  1911 | D:4      | Reached skill level 5 in Fighting
  2317 | D:4      | HP: 1/40 [ogre/giant club (11)]
  2318 | D:4      | Reached skill level 6 in Maces & Flails
  2318 | D:4      | Reached XP level 7. HP: 1/44 MP: 7/7
  3088 | D:4      | Reached skill level 7 in Maces & Flails
  3364 | D:5      | Entered Level 5 of the Dungeon
  3468 | D:5      | Found Xicepueq's Antique Armour Emporium.
  3571 | D:5      | Reached XP level 8. HP: 52/52 MP: 8/8
  3790 | D:5      | Reached skill level 8 in Maces & Flails
  3932 | D:5      | Noticed Grinder
  3947 | D:5      | Killed Grinder
  4288 | D:6      | Reached skill level 9 in Maces & Flails
  4293 | D:6      | Noticed Blork the orc
  4297 | D:6      | Killed Blork the orc
  4377 | D:6      | Reached XP level 9. HP: 31/58 MP: 9/9
  4584 | D:6      | Found a bloodstained altar of Trog.
  4614 | D:6      | Found a staircase to the Ecumenical Temple.
  4737 | D:6      | You fall through a shaft for 2 floors!
  4741 | D:8      | Noticed a two-headed ogre
  5146 | D:6      | Noticed Sigmund
  5161 | D:6      | Killed Sigmund
  5182 | D:6      | Noticed Edmund
  5194 | D:6      | Killed Edmund
  5247 | D:6      | Reached skill level 5 in Armour
  5253 | D:6      | Reached skill level 5 in Shields
  5617 | D:7      | HP: 2/60 [killer bee (4)]
  5618 | D:7      | Reached skill level 10 in Maces & Flails
  5619 | D:7      | Slain by a killer bee

Vault maps used:
D:1:      lightli_arrival_flooded_house, nrook_mini_backslash
D:3:      nicolae_qazlal_eye_of_the_storm, uniq_jessica
D:4:      first_ration, minmay_misc_feat_x
D:5:      serial_shops, nicolae_shop_competitors_out_of_business, hex_large,
          minmay_strange_pillars, uniq_grinder
D:6:      minmay_temple_entry_poolview, basic_altar,
          corexii_item_surrounded_by_moat, glass_columns_c,
          sigmund_edmund_badplayer, uniq_blork_the_orc
D:7:      uniq_prince_ribbit1
D:8:      lair_entry_dummy, serial_co_window_serial, co_window_paths_b,
          co_window_paths_a, co_window_cross_1, co_window_corner_a,
          co_window_paths_b, co_window_broadway_b, co_window_unsneaky_path_c,
          co_window_corner_b, co_window_2corner, glass_columns_b,
          glass_columns_a, glass_columns_b, glass_columns_a, serial_shops, shop

Skill      XL: |  1  2  3  4  5  6  7  8  9 |
---------------+----------------------------+-----
Maces & Flails | 3 4 5 6 7 9 10 | 10.0
Fighting       | 4 5 6 7 8 |  8.8
Armour         | 5 |  5.6
Shields        | 5 |  5.5

Action                   |  1- 3 |  4- 6 |  7- 9 || total
-------------------------+-------+-------+-------++-------
Melee: Flail             |   105 |   161 |   407 ||   673
  Use: Scroll            |       |       |     2 ||     2
  Eat: Chunk             |     1 |     4 |    11 ||    16
Armor: Scale mail        |    97 |    88 |   236 ||   421
Dodge: Dodged            |    50 |    56 |   116 ||   222
Block: Shield            |    75 |    65 |   199 ||   339

Table legend:
 A = Spawn XP
 B = Non-spawn XP
 C = Spawn XP percentage of total XP
 D = Spawn monster count
 E = Non-spawn monster count
 F = Spawn count percentage of total count
 G = Total turns spent on level
                    A         B        C        D         E        F      G
               +---------+---------+-------+---------+---------+-------+---------
         Total |       0 |    4527 |   0.0 |       0 |     140 |   0.0 |  5619
               +---------+---------+-------+---------+---------+-------+---------
           D:1 |       0 |      29 |   0.0 |       0 |      15 |   0.0 |   684
           D:2 |       0 |      62 |   0.0 |       0 |      15 |   0.0 |   580
           D:3 |       0 |     138 |   0.0 |       0 |      21 |   0.0 |   534
           D:4 |       0 |     791 |   0.0 |       0 |      27 |   0.0 |  1566
           D:5 |       0 |     951 |   0.0 |       0 |      24 |   0.0 |   907
           D:6 |       0 |    1997 |   0.0 |       0 |      30 |   0.0 |  1193
           D:7 |       0 |     559 |   0.0 |       0 |       8 |   0.0 |   146
               +---------+---------+-------+---------+---------+-------+---------
